 Dungeon Crawl Stone Soup version 0.29.1-15-g9cfb28693d (webtiles) character file.

Game seed: 12701826688470214901

736 Hugehornet the Covered (level 7, -12/41 HPs)
             Began as a Gargoyle Fighter on Mar 23, 2023.
             Mangled by a two-headed ogre
             ... wielding a +0 giant club
              (15 damage)
             ... on level 5 of the Dungeon.
             The game lasted 00:10:43 (5272 turns).

Hugehornet the Covered (Gargoyle Fighter)           Turns: 5272, Time: 00:10:44

Health: -12/41     AC: 20    Str: 14    XL:     7   Next: 74%
Magic:  7/7        EV:  6    Int: 14    God:
Gold:   25         SH:  4    Dex:  8    Spells: 6/6 levels left

rFire   . . .      SeeInvis +   C - +11 short sword of Uhuuf {freeze, Will+ Str-5 SInv}
rCold   + . .      Faith    .   c - +0 buckler
rNeg    + . .      Spirit   .   d - +3 chain mail
rPois   ∞          Reflect  .   (no helmet)
rElec   +          Harm     .   (no cloak)
rCorr   .          Rampage  .   w - +0 pair of gloves
Will    +....                   A - +0 pair of boots
Stlth   ..........              (no amulet)
HPRegen 0.00/turn               (no ring)
MPRegen 0.10/turn               (no ring)

@: inhibited regen
A: sickness immunity, AC +4, negative energy resistance 1, electricity
resistance, torment resistance 1, petrification resistance, clever 1, cold
resistance 1, inhibited regeneration
a: no special abilities


You were on level 5 of the Dungeon.
You visited 1 branch of the dungeon, and saw 5 of its levels.

You collected 205 gold pieces.
You spent 180 gold pieces at shops.

Inventory:

Hand Weapons
 a - a +0 war axe
 C - the +11 short sword of Uhuuf (weapon) {freeze, Will+ Str-5 SInv}
   (You found it on level 3 of the Dungeon)

   It freezes those it strikes, dealing additional cold damage.
   It can also slow down cold-blooded creatures.
   Str:       It affects your strength (-5).
   SInv:      It lets you see invisible.
   Will:      It increases your willpower.
 E - a +1 whip of electrocution
Missiles
 h - 2 javelins (quivered)
 D - 3 throwing nets
Armour
 c - a +0 buckler (worn)
 d - a +3 chain mail (worn)
 v - a +0 plate armour
 w - a +0 pair of gloves (worn)
 A - a +0 pair of boots (worn)
Wands
 b - a wand of flame (12)
 u - a wand of polymorph (13)
 y - a wand of charming (7)
Scrolls
 e - 6 scrolls of teleportation
 f - 16 scrolls of identify {unknown}
 g - 2 scrolls of immolation {unknown}
 j - a scroll of poison {unknown}
 k - 2 scrolls of amnesia
 p - a scroll of silence {unknown}
 q - a scroll of enchant armour {unknown}
 F - a scroll of butterflies
Potions
 i - 3 potions of mutation
 l - a potion of cancellation {unknown}
 m - 2 potions of flight {unknown}
 n - 4 potions of curing {unknown}
 o - 2 potions of magic {unknown}
 r - 3 potions of lignification {unknown}
 t - a potion of attraction {unknown}
 x - a potion of ambrosia {unknown}
 z - a potion of berserk rage {unknown}
 B - a potion of resistance {unknown}


   Skills:
 - Level 3.6 Fighting
 * Level 1.7 Short Blades
 - Level 4.6 Axes
 * Level 6.5 Armour
 - Level 5.0 Shields


You had 6 spell levels left.
You didn't know any spells.
Your spell library contained the following spells:

 Spells                   Type           Power      Damage    Failure   Level
 Necrotise                Necr           0%         1d4       100%        1
 Gell's Gravitas          Tloc           0%         N/A       100%        3
 Lesser Beckoning         Tloc           0%         N/A       100%        3
 Ozocubu's Armour         Ice            0%         N/A       100%        3
 Teleport Other           Tloc           0%         N/A       100%        3
 Vampiric Draining        Necr           0%         2d6       100%        3
 Agony                    Necr           0%         N/A       100%        5
 Metabolic Englaciation   Hex/Ice        0%         N/A       100%        5
 Dispersal                Tloc           0%         N/A       100%        6
 Simulacrum               Ice/Necr       0%         N/A       100%        6
 Disjunction              Tloc           0%         N/A       100%        8


Dungeon Overview and Level Annotations

Branches:
Dungeon (5/15)
 Temple: D:4-7

Altars:
Ru

Shops:
D:5 [?


Innate Abilities, Weirdness & Mutations

You are immune to sickness and miasma.
Your stone body is resilient. (AC +4)
You are immune to poison.
You resist negative energy. (rN+)
You are resistant to electric shocks. (rElec)
You are resistant to unholy torment.
You are immune to petrification.
Your mind is acute. (Int +4, Str/Dex -1)
Your flesh is cold resistant. (rC+)
You do not regenerate when monsters are visible.


Message History

You start resting.
You are no longer corroded.
You start resting.
HP restored.
Found a robe.
There is an entrance to Dapnitotz's Armour Boutique here.
You can access your shopping list by pressing '$'.
You now have 25 gold pieces (gained 11).
f - 16 scrolls labelled COUPHO PEOGAKIH (gained 1)
An ufetubus comes into view.
The ufetubus shouts!
You see here a scroll of teleportation.
You puncture the ufetubus! You freeze the ufetubus.
You kill the ufetubus!
No target in view!
e - 6 scrolls of teleportation (gained 1)
A two-headed ogre is nearby!
Okay, then.
Unknown command.
Okay, then.
The two-headed ogre shouts in stereo!
You hear a shout!
Throw: 3 javelins
Press: ? - help, Q - select action, (/) - cycle Shift-Dir - straight line, f - two-headed ogre
Aim: a two-headed ogre, wielding a +0 giant club and a +0 giant spiked club (71% to hit)
You throw a javelin.
The javelin barely misses the two-headed ogre.
You puncture the two-headed ogre! You freeze the two-headed ogre.
The two-headed ogre is lightly wounded.
The two-headed ogre hits you with a +0 giant club!!
The two-headed ogre hits you with a +0 giant spiked club!
You puncture the two-headed ogre! You freeze the two-headed ogre.
The two-headed ogre is moderately wounded.
The two-headed ogre hits you with a +0 giant club!
* * * LOW HITPOINT WARNING * * *
The two-headed ogre closely misses you.
It was a potion of mutation.
You feel extremely strange.
You feel resistant to cold.
You feel clever.
Your regeneration stops near monsters.
The two-headed ogre hits you with a +0 giant club!
You die...

.. #....#.............. ..
#.#...8..?∩...8.....
..#####.##.##........#....
........##........<..###..
...............#.....# ..
..^.....######..8....#
........# ######..#
........###########.####.
.#......##......@O.....(.
∩.......#####..........#.
.#......#####..........#
.[.....................#
..............#..........
..............#.#########
#...###.......#.#
#...#.........#.#
#...#.........#..


You could see a two-headed ogre.

Vanquished Creatures
  Eustachio (D:4)
  A phantom (D:5)
  A necrophage (D:4)
  A scorpion (D:4)
  A jelly (D:5)
  Ijyb (D:3)
  Natasha (thrice) (D:4)
  2 iguanas
  Terence (D:2)
  Robin (D:4)
  3 adders
  6 gnolls
  A shadow imp (D:4)
  An ufetubus (D:5)
  5 dart slugs
  An orc (D:4)
  2 bats
  5 endoplasms
  A giant cockroach (D:4)
  9 hobgoblins
  3 jackals (D:3)
  A quokka (D:4)
  6 ball pythons
  2 frilled lizards (D:1)
  22 goblins
  5 kobolds
  5 rats
91 creatures vanquished.

Notes
Turn   | Place    | Note
-------+----------+-------------------------------------------
     0 | D:1      | Hugehornet the Gargoyle Fighter began the quest for the
                  | Orb.
     0 | D:1      | Reached XP level 1. HP: 14/14 MP: 1/1
   228 | D:1      | Reached XP level 2. HP: 19/19 MP: 2/2
  1232 | D:2      | Reached XP level 3. HP: 21/23 MP: 3/3
  1604 | D:2      | Found a faded altar of an unknown god.
  2331 | D:3      | Reached skill level 4 in Armour
  2426 | D:3      | Found a sacrificial altar of Ru.
  2796 | D:3      | Reached XP level 4. HP: 28/28 MP: 4/4
  2797 | D:3      | Noticed Terence
  3062 | D:2      | HP: 1/28 [Terence/+0 flail (7)]
  3446 | D:2      | Killed Terence
  3717 | D:3      | Noticed Ijyb
  3791 | D:3      | Killed Ijyb
  3792 | D:3      | Reached XP level 5. HP: 21/32 MP: 5/5
  3931 | D:3      | Identified the +11 short sword of Uhuuf {freeze, Will+
                  | Str-5 SInv}
  4445 | D:4      | Reached skill level 5 in Armour
  4445 | D:4      | Reached XP level 6. HP: 37/37 MP: 6/6
  4498 | D:4      | Noticed Natasha
  4506 | D:4      | Killed Natasha
  4613 | D:4      | Noticed Natasha
  4622 | D:4      | Killed Natasha
  4655 | D:4      | Noticed Natasha
  4659 | D:4      | Killed Natasha
  4680 | D:4      | Noticed Eustachio
  4691 | D:4      | Killed Eustachio
  4692 | D:4      | Reached skill level 6 in Armour
  4692 | D:4      | Reached XP level 7. HP: 38/41 MP: 7/7
  4923 | D:4      | Noticed Robin
  4938 | D:4      | Killed Robin
  5020 | D:5      | Entered Level 5 of the Dungeon
  5020 | D:5      | Found Duffu's Magic Scroll Boutique.
  5033 | D:5      | Bought a scroll of noise for 12 gold pieces
  5033 | D:5      | Bought a scroll of butterflies for 48 gold pieces
  5033 | D:5      | Bought a scroll of teleportation for 36 gold pieces
  5033 | D:5      | Bought a scroll of amnesia for 48 gold pieces
  5033 | D:5      | Bought a scroll of teleportation for 36 gold pieces
  5062 | D:5      | Reached skill level 1 in Short Blades
  5062 | D:5      | Reached skill level 5 in Shields
  5154 | D:5      | Found Dapnitotz's Armour Boutique.
  5154 | D:5      | Noticed a two-headed ogre
  5272 | D:5      | Gained mutation: Your flesh is cold resistant. (rC+)
                  | [potion of mutation]
  5272 | D:5      | Gained mutation: Your mind is acute. (Int +4, Str/Dex -1)
                  | [potion of mutation]
  5272 | D:5      | Gained mutation: You do not regenerate when monsters are
                  | visible. [potion of mutation]
  5272 | D:5      | Mangled by a two-headed ogre

Illustrated notes

Levels and vault maps discovered:
D:1:      mrwooster_arrival_statue, layout_rooms
D:2:      layout_basic, ebering_ecumenical_altar_hall
D:3:      kennysheep_goblin_castle, layout_loops_ring,
          mainiacjoe_overflow_tiny_flanked, uniq_terence
D:4:      layout_gridville, uniq_robin, uniq_natasha, uniq_eustachio
D:5:      kb_forest_paths, layout_basic, serial_shops, nicolae_stop_n_shop_1,
          nicolae_shop_crystal, nicolae_shop_hallway_stairs

Skill      XL: |  1  2  3  4  5  6  7 |
---------------+----------------------+-----
Axes           | 2 3 4 |  4.6
Armour         | 4 5 6 |  6.5
Shields        | 4 5 |  5.0
Short Blades   | 1 |  1.7
Fighting       | |  3.6

Action                   |  1- 3 |  4- 6 |  7- 9 || total
-------------------------+-------+-------+-------++-------
Melee: War axe           |   137 |    66 |       ||   203
       Short sword       |       |    63 |    53 ||   116
       Unarmed           |       |     3 |       ||     3
Throw: Javelin           |       |     3 |     1 ||     4
  Use: Potion            |       |     4 |     1 ||     5
Armor: Scale mail        |    51 |       |       ||    51
       Plate armour      |    37 |    12 |       ||    49
       Chain mail        |       |    82 |    37 ||   119
Dodge: Dodged            |    55 |    53 |    13 ||   121
Block: Buckler           |    37 |    30 |    10 ||    77
